 Dungeon Crawl Stone Soup version 0.23-a0-414-g0aa8dd0f38 (webtiles) character file.

270276 Napalmbreeze the Eclecticist (level 20, -5/164 HPs)
             Began as a Barachi Ice Elementalist on Nov 8, 2018.
             Was the Champion of Vehumet.
             Slain by a deep troll shaman (18 damage)
             ... on level 1 of the Depths on Nov 10, 2018.
             The game lasted 04:56:44 (50790 turns).

Napalmbreeze the Eclecticist (BaIE)                Turns: 50790, Time: 04:56:45

Health: -5/164     AC: 14    Str: 13    XL:     20   Next: 20%
Magic:  7/41       EV: 19    Int: 32    God:    Vehumet [******]
Gold:   3208       SH:  5    Dex: 15    Spells: 14/54 levels left

rFire    + . .     SeeInvis +   Q - +8 mace "Queg" {venom, *Drain rElec rN+ Int+7}
rCold    . . .     Gourm    .   z - +0 buckler
rNeg     + . .     Faith    .   E - +1 leather armour "Put-Me-On" {rF+ Int+3}
rPois    .         Spirit   .   K - +2 hat {MR+}
rElec    +         Reflect  .   q - scarf {repulsion}
rCorr    .         Harm     +   Y - +2 pair of gloves {Dex+3}
MR       ++...                  h - +2 pair of boots {Stlth+}
Stlth    +++.......             i - amulet of harm
HPRegen  0.37/turn              T - ring of see invisible
MPRegen  0.27/turn              (no ring)

@: about to teleport, can't hop, repel missiles, slow
A: +LOS, swims, slowness 1, strong legs 2
}: 2/15 runes: serpentine, barnacled
a: Hop, Renounce Religion


You were on level 1 of the Depths.
You worshipped Vehumet.
Vehumet was exalted by your worship.
You were not hungry.

You visited 8 branches of the dungeon, and saw 36 of its levels.
You also visited: Sewer and Bailey.

You collected 3812 gold pieces.
You spent 604 gold pieces at shops.

Inventory:

Hand Weapons
 a - the +10 morningstar "Eos" {elec, Halo rElec}
   (You took it off an orc on level 10 of the Dungeon)

   Occasionally, upon striking a foe, it will discharge some electrical energy
   and cause terrible harm.
   It insulates you from electricity.
 Q - the +8 mace "Queg" (weapon) {venom, *Drain rElec rN+ Int+7}
   (You found it on level 4 of the Shoals)

   It poisons the flesh of those it strikes.
   It affects your intelligence (+7).
   It insulates you from electricity.
   It protects you from negative energy.
   It causes draining when unequipped.
Armour
 h - a +2 pair of boots of stealth (worn)
 q - a scarf of repulsion (worn)
 z - a +0 buckler (worn)
 E - the +1 leather armour "Put-Me-On" (worn) {rF+ Int+3}
   (You found it on level 2 of the Elven Halls)

   It affects your intelligence (+3).
   It protects you from fire.
 H - a +2 cloak of poison resistance
 K - a +2 hat of magic resistance (worn)
 Y - a +2 pair of gloves of dexterity (worn)
Jewellery
 i - an amulet of harm (around neck)
 u - an uncursed ring of protection from magic
 v - an uncursed ring of protection from fire
 S - an uncursed ring of poison resistance
 T - a ring of see invisible (left hand)
 W - a +2 ring of intelligence
Wands
 w - a wand of clouds (5)
 y - a wand of acid (12)
 A - a wand of polymorph (7)
 D - a wand of flame (126)
 G - a wand of disintegration (21)
 M - a wand of paralysis (42)
 R - a wand of iceblast (27)
 U - a wand of digging (16)
Scrolls
 b - 3 scrolls of brand weapon
 f - 6 scrolls of immolation
 g - 9 scrolls of enchant weapon
 j - 15 scrolls of remove curse
 m - a scroll of blinking
 o - 5 scrolls of fear
 p - 8 scrolls of teleportation
 C - 7 scrolls of amnesia
 F - 3 scrolls of magic mapping
 I - a scroll of summoning
 J - 2 scrolls of fog
 L - 5 scrolls of identify
 Z - 6 scrolls of enchant armour
Potions
 d - 9 potions of curing
 e - 5 potions of heal wounds
 k - 8 potions of flight
 l - 6 potions of haste
 n - 6 potions of magic
 r - 8 potions of agility
 s - 2 potions of cancellation
 t - 7 potions of brilliance
 x - 3 potions of resistance
 N - 2 potions of mutation
 V - 4 potions of invisibility
Comestibles
 c - 53 rations


   Skills:
 + Level 15.7 Fighting
 - Level 8.0 Maces & Flails
 - Level 10.0 Armour
 + Level 11.2 Dodging
 - Level 1.7 Stealth
 - Level 4.0 Shields
 * Level 17.5 Spellcasting
 + Level 16.2 Conjurations
 - Level 10.0 Summonings
 * Level 10.4 Fire Magic
 - Level 12.0 Ice Magic
 - Level 7.0 Air Magic
 - Level 5.0 Earth Magic
 - Level 4.1 Evocations


You had 14 spell levels left.
You knew the following spells:

 Your Spells              Type           Power        Failure   Level  Hunger
a - Iron Shot             Conj/Erth      #######...   1%          6    None
c - Spellforged Servitor  Conj/Summ      #######...   1%          7    ####...
d - Summon Lightning Spi  Summ/Air       ######..     1%          4    None
f - Sticky Flame          Conj/Fire      #######.     1%          4    None
r - Orb of Destruction    Conj           #######...   1%          7    ####...
t - Bolt of Fire          Conj/Fire      #######...   1%          6    None
w - Freezing Cloud        Conj/Ice/Air   #######...   1%          6    None

Your spell library contained the following spells:

 Spells                   Type           Power        Failure   Level  Hunger
 Shatter                  Erth           ######....   100%        9    #######
 Tornado                  Air            ######....   100%        9    #######
 Flame Tongue             Conj/Fire      #####        0%          1    None
 Freeze                   Ice            ####         0%          1    None
 Magic Dart               Conj           ####         0%          1    None
 Shock                    Conj/Air       ####         0%          1    None
 Searing Ray              Conj           ######       0%          2    None
 Throw Flame              Conj/Fire      ######       0%          2    None
 Throw Frost              Conj/Ice       ######       0%          2    None
 Conjure Flame            Conj/Fire      #######.     0%          3    None
 Animate Skeleton         Necr           N/A          1%          1    None
 Apportation              Tloc           ####..       1%          1    None
 Beastly Appendage        Tmut           ####..       1%          1    None
 Confusing Touch          Hex            ####..       1%          1    None
 Infusion                 Chrm           ####         1%          1    None
 Pain                     Necr           ####         1%          1    None
 Sandblast                Erth           ######       1%          1    None
 Sting                    Conj/Pois      ####         1%          1    None
 Summon Butterflies       Summ           #######.     1%          1    None
 Summon Small Mammal      Summ           ####         1%          1    None
 Call Imp                 Summ           #######.     1%          2    None
 Passwall                 Tmut/Erth      #####...     1%          2    None
 Poisonous Vapours        Pois/Air       ######       1%          2    None
 Call Canine Familiar     Summ           #######.     1%          3    None
 Ignite Poison            Fire/Tmut/Pois ######..     1%          3    None
 Inner Flame              Hex/Fire       ######..     1%          3    None
 Mephitic Cloud           Conj/Pois/Air  ######..     1%          3    None
 Ozocubu's Armour         Chrm/Ice       ######..     1%          3    None
 Static Discharge         Conj/Air       #######.     1%          3    None
 Stone Arrow              Conj/Erth      ######       1%          3    None
 Summon Guardian Golem    Hex/Summ       ######..     1%          3    None
 Force Lance              Conj/Tloc      ######..     1%          4    None
 Fulminant Prism          Conj/Hex       ######....   1%          4    None
 Ice Form                 Ice/Tmut       ######..     1%          4    None
 Summon Ice Beast         Ice/Summ       #######.     1%          4    None
 Throw Icicle             Conj/Ice       #######.     1%          4    None
 Bolt of Draining         Conj/Necr      ######....   1%          5    None
 Bolt of Magma            Conj/Fire/Erth #######...   1%          5    None
 Fireball                 Conj/Fire      #######...   1%          5    None
 Irradiate                Conj/Tmut      ######....   1%          5    None
 Iskenderun's Battlesphe  Conj/Chrm      ######..     1%          5    None
 Lee's Rapid Deconstruct  Erth           ######....   1%          5    None
 Venom Bolt               Conj/Pois      ######....   1%          5    None
 Conjure Ball Lightning   Conj/Air       #######...   1%          6    None
 Blink                    Tloc           N/A          2%          2    None
 Shroud of Golubria       Chrm/Tloc      ####......   2%          2    None
 Slow                     Hex            ####....     2%          2    None
 Song of Slaying          Chrm           ####....     2%          2    None
 Sticks to Snakes         Tmut           ####....     2%          2    None
 Poison Arrow             Conj/Pois      ######....   2%          6    None
 Confuse                  Hex            ####....     4%          3    None
 Gell's Gravitas          Tloc           ####......   4%          3    None
 Lesser Beckoning         Tloc           ####......   4%          3    None
 Portal Projectile        Hex/Tloc       ####..       4%          3    None
 Regeneration             Chrm/Necr      ####......   4%          3    None
 Spectral Weapon          Hex/Chrm       ####....     4%          3    None
 Spider Form              Tmut/Pois      ####......   4%          3    None
 Tukima's Dance           Hex            ####....     4%          3    None
 Vampiric Draining        Necr           ####......   4%          3    None
 Olgreb's Toxic Radiance  Pois           ####....     4%          4    None
 Metabolic Englaciation   Hex/Ice        ######....   4%          5    None
 Petrify                  Tmut/Erth      #####...     6%          4    None
 Summon Mana Viper        Hex/Summ       ######..     6%          5    None
 Yara's Violent Unravell  Hex/Tmut       ####......   13%         5    None
 Animate Dead             Necr           N/A          17%         4    None
 Summon Hydra             Summ           #######...   24%         7    ####...
 Chain Lightning          Conj/Air       #######...   24%         8    #####..
 Lehudib's Crystal Spear  Conj/Erth      #######...   32%         8    #####..
 Ignition                 Fire           #######...   36%         8    #####..
 Alistair's Intoxication  Tmut/Pois      ####....     43%         5    None
 Blade Hands              Tmut           ####......   43%         5    None
 Statue Form              Tmut/Erth      #####....    67%         6    None
 Glaciate                 Conj/Ice       #######...   75%         9    #######
 Fire Storm               Conj/Fire      #######...   83%         9    #######
 Ring of Flames           Chrm/Fire      ######....   86%         7    ####...
 Darkness                 Hex            ####......   95%         6    None
 Dispersal                Tloc           ####......   95%         6    None
 Hydra Form               Tmut           ####......   95%         6    None
 Invisibility             Hex            ####....     95%         6    None
 Dragon Form              Tmut           ####......   100%        7    ####...
 Controlled Blink         Tloc           N/A          100%        8    #####..
 Discord                  Hex            ####......   100%        8    #####..
 Disjunction              Tloc           ####......   100%        8    #####..


Dungeon Overview and Level Annotations

Branches:
Dungeon (15/15)            Temple (1/1) D:7            Lair (6/6) D:10
 Shoals (4/4) Lair:3        Snake (4/4) Lair:3        Slime (0/5) Lair:6
    Orc (2/2) D:10            Elf (3/3) Orc:2        Vaults (0/5) D:14
 Depths (1/5) D:15

Altars:
Ashenzari
Cheibriados
Dithmenos
Elyvilon
Fedhas
Gozag
Hepliaklqana
Kikubaaqudgha
Makhleb
Nemelex Xobeh
Okawaru
Qazlal
Ru
Sif Muna
Trog
Uskayaw
Vehumet
Wu Jian
Xom
Yredelemnul
Zin
The Shining One
Beogh
Jiyva

Shops:
D:6 *   D:7 *   D:11 (   Orc:2 *:*([   Elf:3 *

Annotations:
D:14 exclusion: downstairs
Shoals:3 exclusion: downstairs


Innate Abilities, Weirdness & Mutations

Shadows flee at your approach. (+LOS)
You can swim through water.
You cover ground slowly.
You can hop long distances.


Message History

The great orb of eyes bites you.
Your spellforged servitor points at the great orb of eyes and mumbles some The bolt of fire hits the spark wasp.
The bolt of fire hits the great orb of eyes.
The slime creature is engulfed in freezing vapours.
The deep troll shaman bites you!
* * * LOW HITPOINT WARNING * * *
The deep troll shaman claws you!!
* * * LOW HITPOINT WARNING * * *
You block the deep troll shaman's attack.
Press: ? - help, v - describe, . - travel
Here: a deep troll shaman (moderately wounded, fast, unusually strong)
The floor, spattered with blood.
Okay, then.
You catch the helpless great orb of eyes completely off-guard!
You hit the great orb of eyes.
The great orb of eyes is severely wounded.
Your spellforged servitor hums quietly as it recharges.
The deep troll shaman bites you!
You die...

≈≈≈.........$..........
#.[<..............
........§§§§...........
.....[...§§§.†......C..
.........§§J.)8........
........##.).Vy........
...##..# #...).......≈.
.. ### ###.GT).....≈. #
##@.........
#....J)......
#.........!###
#.#.#.......#
#.._...##....# ###.#.##
.##.. #..## . ≈ ..# .#
..


You could see a frost giant, a vampire knight (invisible), a great orb of eyes,
a spark wasp, 2 slime creatures, a deep troll shaman and a friendly spellforged
servitor.

Vanquished Creatures
  2 deep elf blademasters (Elf:3)
  A deep elf master archer (Elf:3)
  Agnes (Snake:2)
  A kraken (Shoals:4)
  Frances (D:13)
  Roxanne (Shoals:4)
  2 nagarajas
  2 deep elf sorcerers
  A frost giant (D:15)
  An orc warlord (Orc:2)
  A deep elf elementalist (Elf:3)
  A war gargoyle (D:15)
  4 deep elf demonologists (Elf:3)
  4 deep elf annihilators (Elf:3)
  5 merfolk javelineers
  A spark wasp (Depths:1)
  9 merfolk impalers
  A deep elf death mage (Elf:2)
  A jiangshi (Depths:1)
  A fire dragon (D:13)
  A vault guard (D:14)
  2 naga warriors
  An alligator snapping turtle (Shoals:4)
  2 hydras
  2 merfolk avatars
  Erica (Lair:1)
  3 anacondas
  6 merfolk aquamancers
  8 centaur warriors
  12 dancing weapons
  A satyr (Shoals:2)
  5 two-headed ogres
  A vampire mage (Depths:1)
  3 shock serpents
  2 orc high priests
  4 naga sharpshooters
  10 deep elf knights
  An iron troll (D:15)
  2 deep trolls
  An unseen horror (shapeshifter) (D:15)
  7 sea snakes
  3 unseen horrors
  4 orc knights
  3 deep elf archers
  A necromancer (Lair:6)
  7 mana vipers
  8 harpies
  2 oklob plants (Shoals:4)
  A wolf spider (D:15)
  6 fauns
  4 orc sorcerers (Orc:2)
  6 manticores
  5 ugly things (D:15)
  45 deep elf magi
  5 salamanders
  7 cyclopes
  28 black mambas
  5 merfolk sirens
  A centaur zombie (D:15)
  Maurice (D:8)
  A water nymph (Shoals:2)
  2 guardian serpents
  2 spiny frogs
  6 naga magi
  3 komodo dragons (D:15)
  A yaktaur (D:11)
  7 kobold demonologists
  7 trolls
  2 tengu conjurers (D:14)
  32 merfolk
  A hornet (Lair:6)
  3 wind drakes
  A polar bear (Lair:6)
  6 blink frogs
  7 hippogriffs
  5 slime creatures (D:14)
  3 snapping turtles (Shoals:4)
  7 dream sheep
  2 air elementals (Elf:2)
  3 vampires
  3 wraiths
  Sigmund (D:5)
  A redback (Lair:6)
  14 water elementals
  6 yaks
  A wyvern (Lair:6)
  3 fire elementals
  A basilisk (Lair:5)
  2 steam dragons (D:10)
  2 hungry ghosts
  4 vampire mosquitoes
  2 wargs (Orc:2)
  20 nagas
  A soldier ant (D:13)
  4 water moccasins (Lair:6)
  A hydra simulacrum (Lair:4)
  19 orc warriors
  4 ice beasts
  2 black bears
  5 sky beasts
  2 necrophages
  4 ogres
  2 wolves (Lair:2)
  2 boggarts (Depths:1)
  10 centaurs
  4 crocodiles
  A big kobold (shapeshifter) (Elf:3)
  5 big kobolds
  12 bullfrogs
  An earth elemental (Elf:3)
  A wyvern skeleton (D:13)
  3 scorpions
  9 killer bees
  2 howler monkeys (D:8)
  An electric eel (Elf:3)
  5 crimson imps
  2 bullfrog zombies
  A komodo dragon simulacrum (Lair:4)
  A quasit (D:8)
  3 jellies
  5 hounds
  5 bullfrog skeletons
  6 orc priests
  3 centaur skeletons
  15 orc wizards
  5 iguanas
  4 worker ants
  2 yak simulacra (Lair:6)
  A wolf simulacrum (Lair:6)
  A howler monkey skeleton (D:11)
  4 gnolls
  14 adders
  4 river rats (Sewer)
  3 shadow imps
  An ooze (Sewer)
  2 worms
  3 dart slugs
  4 leopard geckos
  42 orcs
  7 giant cockroaches
  9 goblins
  7 hobgoblins
  7 jackals
  48 kobolds
  3 quokkas
  6 ball pythons
  11 bats
  3 frilled lizards
  A leopard gecko zombie (D:6)
  28 rats
  3 river rat simulacra (Lair:6)
  2 crawling corpses (Elf:3)
  A fungus (Lair:3)
  35 plants
821 creatures vanquished.

Vanquished Creatures (collateral kills)
  Saint Roka (Snake:2)
  Vashnia (Snake:2)
  Asterion (Snake:1)
  Gastronok (D:9)
  A deep elf master archer (Elf:3)
  6 nagarajas
  A deep elf sorcerer (Elf:3)
  An orc warlord (Bailey)
  2 deep elf elementalists (Elf:3)
  2 deep elf demonologists (Elf:3)
  Nessos (Lair:4)
  2 deep elf annihilators (Elf:3)
  A spark wasp (Depths:1)
  A merfolk javelineer (Shoals:3)
  5 deep elf death magi (Elf:3)
  2 jiangshi (Depths:1)
  An ogre mage (Depths:1)
  Josephine (Lair:6)
  3 merfolk impalers
  3 hydras
  Harold (D:7)
  18 naga warriors
  7 anacondas
  4 centaur warriors (D:15)
  A catoblepas (Lair:6)
  3 merfolk aquamancers (Shoals:1)
  2 alligator snapping turtles
  3 satyrs
  12 dancing weapons (Elf:2)
  A two-headed ogre (Depths:1)
  3 deep troll shamans (Depths:1)
  2 shock serpents
  Urug (Lair:5)
  9 naga sharpshooters
  6 deep elf knights
  A salamander mystic (Snake:1)
  6 sea snakes
  An unseen horror (D:13)
  A sea snake (shapeshifter) (Elf:3)
  8 naga ritualists
  7 deep elf archers
  2 wizards
  18 deep elf magi
  3 orc knights
  A wolf spider (Lair:6)
  9 harpies
  5 mana vipers
  3 ugly things
  5 fauns
  6 manticores
  5 salamanders
  A centaur zombie (D:11)
  6 merfolk sirens
  22 black mambas
  5 water nymphs
  3 guardian serpents
  8 naga magi
  2 torpor snails
  12 spiny frogs
  2 gargoyles
  2 kobold demonologists
  2 yaktaurs (D:15)
  A komodo dragon (shapeshifter) (Elf:1)
  5 komodo dragons
  An anaconda simulacrum (Lair:4)
  15 merfolk
  3 hornets
  2 trolls
  16 blink frogs
  The ghost of ArschAngel the Magician, an amateur GnWz (D:3)
  4 snapping turtles
  3 wind drakes (Shoals:1)
  10 dream sheep
  4 slime creatures
  7 hippogriffs
  A centaur simulacrum (D:15)
  4 water elementals
  A shadow (D:14)
  A redback (Lair:6)
  3 wraiths
  6 wyverns (Lair:6)
  5 basilisks
  16 yaks
  3 wargs
  44 nagas
  21 water moccasins
  Duvessa (D:7)
  A porcupine (Lair:2)
  4 ice beasts
  13 orc warriors
  A sky beast (D:7)
  A boggart (Depths:1)
  9 wolves (Lair:2)
  10 ogres
  5 centaurs
  10 crocodiles
  8 big kobolds
  A bullfrog (D:10)
  2 wyvern zombies
  Dowan (D:7)
  A scorpion (D:11)
  2 killer bees (D:13)
  5 wights (D:12)
  A crimson imp (D:13)
  2 bullfrog zombies
  6 orc priests
  10 orc wizards
  3 hounds
  A jelly (D:12)
  Crazy Yiuf (D:6)
  A bullfrog skeleton (D:4)
  A centaur skeleton (D:5)
  3 iguanas
  6 worker ants
  A yak simulacrum (Lair:6)
  3 wolf simulacra (Lair:6)
  3 worker ant zombies
  6 gnolls
  An adder (D:11)
  A crocodile simulacrum (Lair:4)
  An adder skeleton (D:4)
  A worm (D:5)
  A leopard gecko (D:13)
  22 orcs
  3 goblins
  2 hobgoblins (Bailey)
  A frilled lizard (D:13)
  A jackal skeleton (D:5)
  12 kobolds
  A quokka skeleton (D:8)
  A rat (Sewer)
  A river rat simulacrum (Lair:6)
  A crawling corpse (Elf:3)
  2 fungi
  4 plants
612 creatures vanquished.

Vanquished Creatures (others)
  Kirke (Snake:4)
  The ghost of tehnar the Destroyer, a journeyman GrFE of Sif Muna (Lair:6)
  A naga mage (Snake:4)
  A water elemental (Shoals:1)
  3 humans (Snake:4)
  A naga (Snake:4)
  A crocodile (D:10)
  7 fungi
  38 plants
  34 tentacles
88 creatures vanquished.

Grand Total: 1521 creatures vanquished

Notes
Turn   | Place    | Note
-------+----------+-------------------------------------------
     0 | D:1      | Napalmbreeze the Barachi Ice Elementalist began the quest
                  | for the Orb.
     0 | D:1      | Reached XP level 1. HP: 13/13 MP: 3/3
   677 | D:1      | Reached skill level 1 in Fighting
   677 | D:1      | Reached XP level 2. HP: 21/21 MP: 5/5
   681 | D:1      | Learned a level 2 spell: Throw Frost
   862 | D:1      | Found a snail-covered altar of Cheibriados.
  1278 | D:2      | Reached XP level 3. HP: 26/26 MP: 7/7
  1612 | D:2      | Found a faded altar of an unknown god.
  1995 | D:2      | Reached skill level 3 in Spellcasting
  1995 | D:2      | Reached XP level 4. HP: 29/33 MP: 6/8
  2003 | D:2      | Learned a level 4 spell: Summon Ice Beast
  2711 | D:3      | Found a shadowy altar of Dithmenos.
  2765 | D:3      | Found a glowing drain.
  2846 | Sewer    | Entered a sewer
  3121 | Sewer    | Reached XP level 5. HP: 38/38 MP: 7/10
  3133 | Sewer    | Reached skill level 1 in Summonings
  3159 | Sewer    | Reached skill level 5 in Ice Magic
  3555 | Sewer    | Noticed a big kobold
  3719 | Sewer    | Killed a big kobold
  3932 | Sewer    | Reached XP level 6. HP: 46/46 MP: 6/11
  4252 | Sewer    | Reached skill level 4 in Spellcasting
  4734 | D:3      | Found a runed gate.
  4736 | D:3      | Found a runed gate.
  4736 | D:3      | Found a runed gate.
  4753 | D:3      | Noticed ArschAngel's ghost (amateur GnWz)
  5333 | D:3      | Reached XP level 7. HP: 25/52 MP: 2/13
  5582 | D:3      | Killed ArschAngel's ghost
  5582 | D:3      | Reached skill level 1 in Evocations
  6462 | D:5      | Entered Level 5 of the Dungeon
  6487 | D:5      | Reached skill level 5 in Spellcasting
  6668 | D:5      | Noticed Sigmund
  6681 | D:5      | Reached XP level 8. HP: 29/60 MP: 4/15
  6811 | D:6      | Got a smoking mace
  6818 | D:6      | Identified the +6 mace of Discomfort {crush, Fragile rElec
                  | rF+} (You found it on level 6 of the Dungeon)
  7062 | D:5      | Killed Sigmund
  7837 | D:5      | Found a sacrificial altar of Ru.
  7839 | D:5      | Found a white marble altar of Elyvilon.
  7839 | D:5      | Found a glowing silver altar of Zin.
  8267 | D:6      | Found Vunos's Assorted Antiques.
  8270 | D:6      | Bought a pair of embroidered boots for 225 gold pieces
  8604 | D:6      | Found a runed door.
  8610 | D:6      | Noticed Crazy Yiuf
  8616 | D:6      | Killed Crazy Yiuf
  8670 | D:7      | Noticed Dowan
  8673 | D:7      | Noticed Duvessa
  8676 | D:7      | Killed Dowan
  8685 | D:7      | Killed Duvessa
  8938 | D:7      | Found Zoawnat's Assorted Antiques.
  8970 | D:7      | Found a staircase to the Ecumenical Temple.
  8995 | D:7      | Noticed a rust devil
  8998 | D:7      | Noticed Harold
  9025 | Temple   | Entered the Ecumenical Temple
  9121 | Temple   | Became a worshipper of Vehumet
  9152 | D:7      | Noticed an angel
  9254 | D:7      | Reached skill level 6 in Spellcasting
  9391 | D:7      | Reached XP level 9. HP: 53/66 MP: 10/18
 10766 | D:7      | Killed Harold
 10766 | D:7      | Reached skill level 5 in Fighting
 11235 | D:8      | Noticed Maurice
 11264 | D:8      | Killed Maurice
 11264 | D:8      | Reached skill level 7 in Spellcasting
 11264 | D:8      | Reached skill level 5 in Conjurations
 11264 | D:8      | Reached skill level 5 in Summonings
 11375 | D:8      | Learned a level 4 spell: Summon Lightning Spire
 11819 | D:9      | Reached skill level 1 in Air Magic
 11844 | D:9      | Noticed Gastronok
 11927 | D:9      | Killed Gastronok
 11927 | D:9      | Reached skill level 8 in Spellcasting
 11927 | D:9      | Reached XP level 10. HP: 57/77 MP: 10/22
 12022 | D:9      | Found a flagged portal.
 12036 | Bailey   | Entered a bailey
 12082 | Bailey   | Reached * piety under Vehumet
 12082 | Bailey   | Offered knowledge of Flame Tongue by Vehumet.
 12083 | Bailey   | Noticed an orc warlord
 12367 | Bailey   | Found a runed gate.
 12368 | Bailey   | Found a runed gate.
 12370 | Bailey   | Found a runed gate.
 12379 | Bailey   | Noticed an orc knight
 12393 | Bailey   | Killed an orc knight
 12740 | Bailey   | Killed an orc warlord
 12805 | D:9      | Identified 2 scrolls of acquirement
 12840 | D:9      | Identified Napalmbreeze's Reference Book on Confrontation
                  | (You acquired it on level 9 of the Dungeon)
 12850 | D:9      | Learned a level 6 spell: Freezing Cloud
 13374 | D:10     | Entered Level 10 of the Dungeon
 13496 | D:10     | Reached ** piety under Vehumet
 13496 | D:10     | Offered knowledge of Searing Ray by Vehumet.
 13703 | D:10     | Found a staircase to the Orcish Mines.
 13786 | D:10     | Reached skill level 9 in Spellcasting
 13803 | D:10     | Upgraded the game from 0.23-a0-408-g9d4b7edeb2 to
                  | 0.23-a0-414-g0aa8dd0f38
 13877 | D:10     | Found a staircase to the Lair.
 13928 | D:10     | Reached skill level 5 in Dodging
 14349 | D:10     | Reached XP level 11. HP: 83/83 MP: 18/24
 14771 | Lair:1   | Entered Level 1 of the Lair of Beasts
 14876 | Lair:1   | You fall through a shaft!
 14881 | Lair:2   | Reached skill level 1 in Maces & Flails
 14971 | Lair:1   | Noticed Erica
 15157 | Lair:1   | Killed Erica
 16122 | Lair:2   | Offered knowledge of Stone Arrow by Vehumet.
 16440 | Lair:2   | Noticed a four-headed hydra
 16449 | Lair:2   | Killed a four-headed hydra
 16499 | Lair:2   | Reached *** piety under Vehumet
 16499 | Lair:2   | Reached skill level 5 in Air Magic
 16701 | Lair:2   | Reached skill level 10 in Spellcasting
 17411 | Lair:3   | Offered knowledge of Sticky Flame by Vehumet.
 17812 | Lair:3   | Noticed a six-headed hydra
 17828 | Lair:3   | Killed a six-headed hydra
 17989 | Lair:3   | Found a staircase to the Shoals.
 18034 | Lair:3   | Reached XP level 12. HP: 47/94 MP: 1/26
 18301 | Lair:3   | Found a staircase to the Snake Pit.
 18386 | Lair:3   | Learned a level 4 spell: Sticky Flame
 19089 | Lair:4   | Noticed Nessos
 19209 | Lair:4   | Found a transporter.
 19215 | Lair:4   | Found a runed door.
 19221 | Lair:4   | Noticed a six-headed hydra
 19256 | Lair:4   | Found a transporter.
 19315 | Lair:4   | Reached skill level 10 in Ice Magic
 19708 | Lair:4   | Killed Nessos
 19819 | Lair:4   | You fall through a shaft!
 19920 | Lair:4   | Killed a six-headed hydra
 20153 | Lair:5   | Noticed Urug
 20179 | Lair:5   | Killed Urug
 20180 | Lair:5   | Reached **** piety under Vehumet
 20355 | Lair:5   | Reached skill level 5 in Maces & Flails
 20977 | Lair:5   | Reached skill level 1 in Fire Magic
 21160 | Lair:6   | Entered Level 6 of the Lair of Beasts
 21163 | Lair:6   | Found a runed gate.
 21164 | Lair:6   | Found a runed gate.
 21164 | Lair:6   | Found a runed gate.
 21165 | Lair:6   | Identified the Tome of Weightlessness and Execration
 21201 | Lair:6   | Offered knowledge of Bolt of Magma by Vehumet.
 21293 | Lair:6   | Noticed tehnar's ghost (journeyman GrFE)
 21446 | Lair:6   | Killed tehnar's ghost
 21457 | Lair:6   | Noticed a catoblepas
 21489 | Lair:6   | Killed a catoblepas
 21617 | Lair:6   | Found a viscous altar of Jiyva.
 21617 | Lair:6   | Found a staircase to the Slime Pits.
 21757 | Lair:6   | Noticed Josephine
 21773 | Lair:6   | Reached skill level 10 in Fighting
 21894 | Lair:6   | Killed Josephine
 21993 | Lair:6   | Gained mutation: You can hop long distances. [Barachi
                  | growth]
 21993 | Lair:6   | Reached XP level 13. HP: 103/103 MP: 8/27
 22581 | Lair:6   | Reached ***** piety under Vehumet
 22623 | Lair:6   | Offered knowledge of Conjure Ball Lightning by Vehumet.
 22685 | Lair:6   | Reached XP level 14. HP: 102/111 MP: 23/28
 22892 | Lair:6   | Got a faintly glowing quarterstaff
 24307 | D:11     | Found Fogau's Antique Weapon Shoppe.
 24397 | D:11     | Learned a level 7 spell: Orb of Destruction
 24973 | D:11     | Reached skill level 5 in Fire Magic
 26626 | D:12     | Offered knowledge of Yara's Violent Unravelling by Vehumet.
 27304 | D:13     | Noticed Frances
 27313 | D:13     | Killed Frances
 27394 | D:13     | Learned a level 6 spell: Iron Shot
 28169 | D:13     | Reached skill level 1 in Earth Magic
 28671 | D:14     | Found a shadowy altar of Dithmenos.
 28790 | D:14     | Reached XP level 15. HP: 117/117 MP: 29/29
 28888 | D:14     | Got a distressingly furry chain mail
 28899 | D:14     | Identified the cursed +0 chain mail of Duha {rPois Int+3}
                  | (You found it on level 14 of the Dungeon)
 29069 | D:14     | Found a gate to the Vaults.
 29272 | D:14     | Reached skill level 11 in Spellcasting
 29745 | D:15     | Entered Level 15 of the Dungeon
 29942 | D:15     | Reached skill level 10 in Summonings
 30087 | D:15     | Identified the cursed +0 quarterstaff "Bysuh Kupsia"
                  | {crush, rF+ Int+5 Stlth-} (You found it on level 6 of the
                  | Lair of Beasts)
 30373 | D:15     | Found a staircase to the Depths.
 30373 | D:15     | Noticed a frost giant
 30387 | D:15     | Killed a frost giant
 30457 | D:15     | Offered knowledge of Lee's Rapid Deconstruction by Vehumet.
 31513 | D:15     | Reached skill level 12 in Spellcasting
 31817 | Orc:1    | Entered Level 1 of the Orcish Mines
 31860 | Orc:2    | Entered Level 2 of the Orcish Mines
 31982 | Orc:2    | Found Saffor's Assorted Antiques.
 32113 | Orc:2    | Found a staircase to the Elven Halls.
 32588 | Orc:1    | Found a roughly hewn altar of Beogh.
 32659 | Orc:1    | Found a roughly hewn altar of Beogh.
 33259 | Orc:2    | Noticed an orc warlord
 33290 | Orc:2    | Killed an orc warlord
 33469 | Orc:2    | Found a roughly hewn altar of Beogh.
 33495 | Orc:2    | Found Kucul's General Store.
 33527 | Orc:2    | Found Dygaw's Book Emporium.
 33772 | Orc:2    | Found Fehiseh's Antique Weapon Emporium.
 33788 | Orc:2    | Found Fuexteal's Antique Armour Emporium.
 33799 | Orc:2    | Bought a scorched leather armour for 224 gold pieces
 33813 | Orc:2    | Identified the +1 leather armour of Del Kaoxt {+Blink
                  | Regen+ Slay+2} (You bought it in a shop on level 2 of the
                  | Orcish Mines)
 33851 | Orc:2    | Bought a smoking wooden ring for 155 gold pieces
 33852 | Orc:2    | Identified the ring "Bomu" {Ice rElec Int+3} (You bought it
                  | in a shop on level 2 of the Orcish Mines)
 33979 | Shoals:1 | Entered Level 1 of the Shoals
 34031 | Shoals:1 | Found a transporter.
 34074 | Shoals:1 | Reached skill level 1 in Armour
 34244 | Shoals:1 | Reached XP level 16. HP: 82/127 MP: 1/32
 34315 | Shoals:1 | Learned a level 6 spell: Bolt of Fire
 34492 | Shoals:1 | Reached skill level 5 in Earth Magic
 34728 | Shoals:1 | Noticed a kraken
 35109 | Shoals:1 | Found a transporter.
 35964 | Shoals:2 | Reached skill level 13 in Spellcasting
 36397 | Shoals:2 | Offered knowledge of Lightning Bolt by Vehumet.
 36847 | Shoals:3 | Got a translucent ring mail
 36897 | Shoals:3 | Identified the cursed +0 ring mail "Ugguyxt" {*Contam
                  | Dex+8} (You found it on level 3 of the Shoals)
 37681 | Shoals:4 | Entered Level 4 of the Shoals
 37834 | Shoals:4 | Reached skill level 5 in Armour
 37860 | Shoals:4 | Reached ****** piety under Vehumet
 38215 | Shoals:4 | Offered knowledge of Ozocubu's Refrigeration by Vehumet.
 38272 | Shoals:4 | Got a translucent mace
 38274 | Shoals:4 | Identified the +8 mace "Queg" {venom, *Drain rElec rN+
                  | Int+7} (You found it on level 4 of the Shoals)
 38374 | Shoals:4 | Reached skill level 14 in Spellcasting
 38374 | Shoals:4 | Reached XP level 17. HP: 106/135 MP: 7/35
 38654 | Shoals:4 | Got a barnacled rune of Zot
 39018 | Shoals:4 | Noticed Roxanne
 39137 | Shoals:4 | Killed Roxanne
 39513 | Shoals:4 | Noticed a kraken
 39746 | Shoals:4 | Killed a kraken
 40001 | Snake:1  | Entered Level 1 of the Snake Pit
 40015 | Lair:3   | Learned a level 7 spell: Spellforged Servitor
 40252 | Snake:1  | Identified the +1 shield "Moijuac" {rPois rF+ Str+5 Int-5}
 40252 | Snake:1  | Noticed Asterion
 40259 | Snake:1  | Killed Asterion
 40581 | Snake:1  | Offered knowledge of Bolt of Cold by Vehumet.
 40930 | Snake:2  | Noticed Saint Roka
 40941 | Snake:2  | Killed Saint Roka
 41433 | Snake:2  | Reached skill level 10 in Dodging
 41535 | Snake:2  | Reached skill level 15 in Spellcasting
 41655 | Snake:2  | Noticed Agnes
 41685 | Snake:2  | Killed Agnes
 41920 | Snake:2  | Reached XP level 18. HP: 131/145 MP: 14/37
 42272 | Snake:2  | Noticed Vashnia
 42284 | Snake:2  | Killed Vashnia
 42880 | Snake:3  | Reached skill level 15 in Conjurations
 42998 | Snake:3  | Offered knowledge of Conjure Ball Lightning by Vehumet.
 43377 | Snake:4  | Entered Level 4 of the Snake Pit
 43766 | Snake:4  | Noticed Kirke
 43772 | Snake:4  | Killed Kirke
 44407 | Snake:4  | Reached skill level 16 in Spellcasting
 44940 | Snake:4  | Got a serpentine rune of Zot
 45143 | Shoals:1 | Offered knowledge of Shatter by Vehumet.
 45143 | Shoals:1 | Offered knowledge of Tornado by Vehumet.
 45492 | Elf:1    | Entered Level 1 of the Elven Halls
 45586 | Elf:1    | You fall through a shaft!
 45621 | Elf:2    | Reached skill level 10 in Armour
 45623 | Elf:2    | Reached XP level 19. HP: 88/154 MP: 13/39
 46028 | Elf:2    | Found a runed gate.
 46028 | Elf:2    | Found a runed gate.
 46028 | Elf:2    | Found a runed gate.
 46151 | Elf:2    | Reached skill level 15 in Fighting
 46453 | Elf:2    | Got a dazzling leather armour
 46465 | Elf:2    | Identified the cursed +1 leather armour "Put-Me-On" {rF+
                  | Int+3} (You found it on level 2 of the Elven Halls)
 47022 | Elf:1    | Reached skill level 1 in Shields
 47789 | Elf:1    | Identified the Almanac of Combat Magic
 47822 | Elf:1    | Reached skill level 17 in Spellcasting
 47920 | Elf:3    | Entered Level 3 of the Elven Halls
 48040 | Elf:3    | Found Xykare's General Store.
 49361 | Elf:3    | Identified the +4 rapier "Naunlaupn" {elec, rC+}
 49628 | Elf:3    | Identified the ring of Kenyetuj {+Fly rF+ Str+3 Stlth+}
 49811 | Elf:3    | Reached skill level 10 in Fire Magic
 49811 | Elf:3    | Reached XP level 20. HP: 163/163 MP: 28/41
 49850 | Elf:3    | Got a steaming platinum ring
 49852 | Elf:3    | Identified the ring of Loj Riw {Str+3 Stlth-} (You found it
                  | on level 3 of the Elven Halls)
 50074 | Elf:3    | Identified the Disquisition on Hurtful Execration
 50417 | Depths:1 | Entered Level 1 of the Depths
 50778 | Depths:1 | Found a shattered altar of Ashenzari.
 50790 | Depths:1 | Slain by a deep troll shaman

Vault maps used:
D:1:      saegor_arrival_simple_a, corner_web_ring, cheibriados_altar_1
D:2:      chequers_ecumenical_altar_grove
D:3:      portal_sewer_entry_d, gammafunk_ghost_nasty_kobolds,
          nicolae_dithmenos_through_a_glass_darkly
D:4:      first_ration
D:5:      chequers_temple_overflow_statue_of_worship, nicolae_ru_awakened_eye,
          uniq_sigmund
D:6:      serial_shops, shop, uniq_crazy_yiuf_cottage
D:7:      temple_garden, serial_shops, nicolae_shop_window_shopping,
          uniq_duvessa, uniq_harold
D:8:      uniq_maurice
D:9:      lightli_bailey_entry_fortress, uniq_gastronok
D:10:     dpeg_oklobed_lair, orc_0_dummy, hangedman_fish_farm,
          minmay_misc_feat_rows
D:11:     serial_shops, nicolae_shop_behind_doors, minmay_variable_closet,
          minmay_the_grid_2x2
D:12:     st_stairs_14, kennysheep_opposing_triangles
D:13:     minmay_ornate_pinched, kennysheep_pointless_box, minmay_lizard_king,
          uniq_frances
D:14:     david_vaults_5, basic_altar, patterned_corridor, bh_walls_and_bars
D:15:     grunt_enter_depths_snipers, hangedman_abyss_or_decor_lesser_grid,
          minivault_28
Temple:   regret_index_temple_chain_breaker
Lair:1:   portal_ice_cave_entry_pillars_1, lemuel_fruit_tree,
          grunt_megastairs_1, uniq_erica
Lair:2:   grunt_megastairs_2
Lair:3:   elwin_shoals_entry_stream, minmay_snake_entry_guardpost_small,
          grunt_megastairs_5, lemuel_fruit_fields
Lair:4:   gammafunk_cloud_chamber, st_stairs_8, pf_torpor_hydra, uniq_nessos
Lair:5:   uniq_urug
Lair:6:   hangedman_lair_tendril_chambers, slime_altar_1,
          ebering_ghost_rock_garden, eino_house_with_fridge, uniq_josephine
Shoals:1: gammafunk_the_bubble, nicolae_shoals_aquamancer_cove
Shoals:4: shoals_end_hangedman, nicolae_shoals_this_corrosion, uniq_roxanne
Snake:1:  nicolae_snake_biting_tails, uniq_asterion
Snake:2:  st_stairs_11, serial_bayou_shore_a, grunt_megastairs_3,
          uniq_saint_roka, uniq_agnes, uniq_vashnia
Snake:3:  st_stairs_11, serial_bayou_shore_b
Snake:4:  minmay_snake_end_coiled, uniq_kirke
Orc:1:    hangedman_feature_mirror
Orc:2:    grunt_orc_cross, serial_shops, shop_coins, nicolae_orc_rockfall
Elf:1:    elf_arrival_002, minmay_elf_annihilation
Elf:2:    minivault_28
Elf:3:    grunt_elf_hall_branching, serial_shops,
          nicolae_shop_temple_entry_statues_fountains
Depths:1: hell_entry, ashenzari_altar_1, infiniplex_enter_wizlab_water,
          chequers_serial_rivers_micro_d, dispersion_dpeg
Sewer:    sewer_minmay_treatment
Bailey:   bailey_axe_bossmonster_kennysheep, bailey

Skill      XL: |  1  2  3  4  5  6  7  8  9 10 11 12 13 14 15 16 17 18 19 20 |
---------------+-------------------------------------------------------------+-----
Fighting       | 1 2 3 4 6 7 8 10 12 13 14 15 | 15.7
Ice Magic      | 4 5 6 7 8 9 10 11 12 | 12.0
Spellcasting   | 3 4 5 6 8 9 10 12 14 15 16 17 | 17.5
Conjurations   | 2 3 4 5 6 8 11 12 13 14 15 16 | 16.2
Summonings     | 1 2 4 6 7 8 9 10 | 10.0
Evocations     | 2 3 4 |  4.1
Dodging        | 4 5 7 8 10 11 | 11.2
Air Magic      | 2 4 5 7 |  7.0
Maces & Flails | 3 6 8 |  8.0
Fire Magic     | 3 4 5 6 8 10 | 10.4
Earth Magic    | 1 4 5 |  5.0
Armour         | 1 5 8 10 | 10.0
Shields        | 3 4 |  4.0
Stealth        | |  1.7

Action                   |  1- 3 |  4- 6 |  7- 9 | 10-12 | 13-15 | 16-18 | 19-21 || total
-------------------------+-------+-------+-------+-------+-------+-------+-------++-------
Melee: Short sword       |     8 |       |       |       |       |       |       ||     8
       Unarmed           |     1 |       |       |       |       |       |       ||     1
       Whip              |    69 |   160 |    50 |       |       |       |       ||   279
       Mace              |       |       |   138 |   318 |   303 |   171 |    38 ||   968
Throw: Stone             |       |    23 |     2 |     4 |       |       |       ||    29
 Cast: Freeze            |    14 |    18 |    10 |     6 |       |       |       ||    48
       Throw Frost       |     7 |    20 |    22 |    26 |    64 |    12 |       ||   151
       Summon Ice Beast  |       |     5 |    71 |   146 |    98 |    52 |       ||   372
       Summon Lightning  |       |       |       |    73 |   112 |    53 |    18 ||   256
       Sticky Flame      |       |       |       |     3 |    26 |    16 |     7 ||    52
       Freezing Cloud    |       |       |       |       |    75 |    67 |    16 ||   158
       Iron Shot         |       |       |       |       |    17 |   100 |    86 ||   203
       Orb of Destructio |       |       |       |       |     9 |    15 |       ||    24
       Bolt of Fire      |       |       |       |       |       |    71 |    21 ||    92
       Spellforged Servi |       |       |       |       |       |    47 |    30 ||    77
 Abil: Hop               |       |     2 |     5 |     5 |    13 |     5 |     2 ||    32
Evoke: Wand              |       |       |     3 |    14 |    24 |    38 |       ||    79
       Sack of spiders   |       |       |       |       |       |     2 |       ||     2
  Use: Scroll            |       |     3 |     7 |    13 |    14 |    12 |     5 ||    54
       Potion            |       |     1 |     2 |     6 |     8 |     2 |       ||    19
 Stab: Sleeping          |     6 |     3 |     5 |     2 |     2 |       |     1 ||    19
       Distracted        |       |       |       |     7 |     5 |     5 |     1 ||    18
  Eat: Chunk             |     4 |     9 |    18 |    27 |    49 |    57 |    16 ||   180
       Ration            |       |     2 |     4 |     7 |    10 |     9 |     2 ||    34
Armor: Robe              |    26 |    29 |    75 |   130 |   118 |       |       ||   378
       Steam dragon scal |       |       |       |     7 |       |       |       ||     7
       Troll leather arm |       |       |       |       |    24 |       |       ||    24
       Leather armour    |       |       |       |       |     7 |   150 |    21 ||   178
Dodge: Dodged            |    64 |   109 |   162 |   339 |   335 |   299 |    55 ||  1363
       Deflected         |       |       |       |       |       |       |    10 ||    10
Block: Buckler           |       |       |       |       |       |       |    14 ||    14

Table legend:
 A = Non-vault XP
 B = Vault XP
 C = Vault XP percentage of total XP
 D = Non-vault monster count
 E = Vault monster count
 F = Vault count percentage of total count
                 A         B        C        D         E       F
            +---------+---------+-------+---------+---------+-------
      Total |  225480 |  168933 |  42.8 |     909 |     484 |  34.7
            +---------+---------+-------+---------+---------+-------
        D:1 |      32 |       0 |   0.0 |      20 |       0 |   0.0
        D:2 |      73 |       0 |   0.0 |      23 |       0 |   0.0
        D:3 |      49 |     388 |  88.8 |      18 |      10 |  35.7
        D:4 |     282 |       0 |   0.0 |      14 |       0 |   0.0
        D:5 |     368 |     223 |  37.7 |      15 |       1 |   6.2
        D:6 |     161 |      20 |  11.0 |       6 |       1 |  14.3
        D:7 |     637 |     598 |  48.4 |      18 |       3 |  14.3
        D:8 |     594 |     409 |  40.8 |      13 |       1 |   7.1
        D:9 |     806 |    1250 |  60.8 |      22 |      13 |  37.1
       D:10 |    1915 |     199 |   9.4 |      31 |       1 |   3.1
       D:11 |    1273 |    3230 |  71.7 |      11 |      20 |  64.5
       D:12 |    6966 |     365 |   5.0 |      56 |       5 |   8.2
       D:13 |    4023 |    5995 |  59.8 |      26 |      20 |  43.5
       D:14 |    5302 |     855 |  13.9 |      26 |       1 |   3.7
       D:15 |   12459 |    9053 |  42.1 |      44 |      15 |  25.4
     Lair:1 |     871 |    1035 |  54.3 |       7 |       2 |  22.2
     Lair:2 |    4142 |     209 |   4.8 |      32 |       1 |   3.0
     Lair:3 |    2346 |    1342 |  36.4 |      13 |      10 |  43.5
     Lair:4 |    1638 |    1945 |  54.3 |      12 |       7 |  36.8
     Lair:5 |    3047 |     467 |  13.3 |      24 |       1 |   4.0
     Lair:6 |    4096 |    8401 |  67.2 |      23 |      54 |  70.1
   Shoals:1 |    8030 |    8594 |  51.7 |      23 |      20 |  46.5
   Shoals:2 |   15117 |       0 |   0.0 |      39 |       0 |   0.0
   Shoals:3 |   12892 |       0 |   0.0 |      30 |       0 |   0.0
   Shoals:4 |   18556 |   22502 |  54.8 |      42 |      36 |  46.2
    Snake:1 |   10849 |    1704 |  13.6 |      29 |       1 |   3.3
    Snake:2 |   21607 |   14823 |  40.7 |      49 |      23 |  31.9
    Snake:3 |   11116 |    1406 |  11.2 |      27 |       2 |   6.9
    Snake:4 |   16940 |   17900 |  51.4 |      48 |      48 |  50.0
      Orc:1 |    1922 |       0 |   0.0 |      32 |       0 |   0.0
      Orc:2 |    4006 |    6777 |  62.8 |      33 |      35 |  51.5
      Elf:1 |   20653 |    6233 |  23.2 |      39 |      10 |  20.4
      Elf:2 |    7190 |   22107 |  75.5 |      15 |      43 |  74.1
      Elf:3 |   11979 |   29313 |  71.0 |      26 |      25 |  49.0
   Depths:1 |   13543 |       0 |   0.0 |      23 |       0 |   0.0
      Sewer |       0 |     269 | 100.0 |       0 |      48 | 100.0
     Bailey |       0 |    1321 | 100.0 |       0 |      27 | 100.0
            +---------+---------+-------+---------+---------+-------
